 Dungeon Crawl Stone Soup version 0.31-a0-996-g3b49de5836 (webtiles) character file.

Game seed: 14666087192749716874

9972 Malachi the Grappler (level 11, -6/77 (84) HPs)
             Began as a Gnoll Shapeshifter on Nov 7, 2023.
             Was a Believer of Uskayaw.
             Mangled by a death yak (22 damage)
             ... on level 11 of the Dungeon.
             The game lasted 00:20:02 (10533 turns).

Malachi the Grappler (Gnoll Shapeshifter)          Turns: 10533, Time: 00:20:02

HP:   -6/77 (84)    AC:  8    Str: 13    XL:     11   Next: 54%
MP:   29/29         EV: 11    Int: 14    God:    Uskayaw [**....]
Gold: 314           SH:  0    Dex: 12    Spells: 23/23 levels left

rFire   + . .        x - +9 club (drain)
rCold   + + .        (no shield)
rNeg    . . .        N - +1 scale mail "Mulaujoc" {rC+}
rPois   .            (helmet currently unavailable)
rElec   .            (cloak currently unavailable)
rCorr   .            (gloves currently unavailable)
SInv    .            (boots currently unavailable)
Will    .....        y - amulet of regeneration
Stlth   ++           z - ring of protection from cold
HPRegen 1.12/turn    v - ring of Suchujul {rF+ MP+9}
MPRegen 0.21/turn

%: no passive effects
@: about to teleport, beast-form, drained
A: beast (slay +4), fangs 1, strong nose, distributed training
a: Begin Untransformation, Renounce Religion, Stomp, Line Pass


You were on level 11 of the Dungeon.
You worshipped Uskayaw.
Uskayaw was noncommittal.
You were a hulking beast.
You visited 2 branches of the dungeon, and saw 12 of its levels.
You also visited: Ossuary.

You collected 539 gold pieces.
You spent 225 gold pieces at shops.

Inventory:

Hand Weapons
 s - a +1 whip of venom
 t - a +0 flail of protection
 x - a +9 club of draining (weapon)
 A - a +2 antimagic dagger
 F - a +2 spear of freezing
Missiles
 a - 16 poisoned darts
 l - a throwing net
 J - 9 curare-tipped darts
Armour
 j - a +2 pair of boots
 p - a +0 pair of gloves
 E - an orb of energy
 H - a +0 cloak
 M - a +2 hat
 N - the +1 scale mail "Mulaujoc" (worn) {rC+}
   (You bought it in a shop on level 9 of the Dungeon)

   rC+:       It protects you from cold.
Jewellery
 v - the ring of Suchujul (right hand) {rF+ MP+9}
   (You found it on level 9 of the Dungeon)

   [ring of magical power]

   rF+:       It protects you from fire.
   MP+9:      It affects your magic capacity (+9).
 y - an amulet of regeneration (around neck)
 z - a ring of protection from cold (left hand)
 G - a ring of ice
Talismans
 c - a beast talisman
 d - a flux talisman
 g - a serpent talisman
 u - a maw talisman
Wands
 w - a wand of flame (24)
 I - a wand of polymorph (6)
Scrolls
 f - a scroll of amnesia
 h - 2 scrolls of teleportation
 i - 3 scrolls of enchant weapon
 n - 3 scrolls of noise
 D - a scroll of silence
 L - a scroll of revelation
 P - a scroll of identify
Potions
 b - 3 potions of lignification
 e - a potion of haste
 m - a potion of might
 o - 2 potions of heal wounds
 q - 4 potions of curing
 r - 5 potions of attraction
 B - 2 potions of berserk rage
 C - 3 potions of cancellation
 K - a potion of resistance
 O - a potion of enlightenment


   Skills:
 + Level 7.1 Fighting
 + Level 6.5 Short Blades
 + Level 6.5 Long Blades
 + Level 6.5 Axes
 + Level 6.5 Maces & Flails
 + Level 6.5 Polearms
 + Level 6.5 Staves
 + Level 6.5 Ranged Weapons
 + Level 6.5 Throwing
 + Level 6.5 Armour
 + Level 8.0 Dodging
 + Level 6.5 Stealth
 + Level 6.5 Shields
 + Level 9.3 Unarmed Combat
 + Level 6.5 Spellcasting
 + Level 5.4 Conjurations
 + Level 5.4 Hexes
 + Level 5.4 Summonings
 + Level 5.4 Necromancy
 + Level 5.4 Translocations
 + Level 5.4 Transmutations
 + Level 5.4 Fire Magic
 + Level 5.4 Ice Magic
 + Level 5.4 Air Magic
 + Level 5.4 Earth Magic
 + Level 5.4 Poison Magic
 + Level 7.1 Invocations
 + Level 6.5 Evocations
 + Level 8.9 Shapeshifting


You had 23 spell levels left.
You didn't know any spells.
Your spell library contained the following spells:

 Spells                   Type           Power      Damage    Failure   Level
 Frozen Ramparts          Ice            38%        1d6       19%         3
 Petrify                  Tmut/Erth      19%        N/A       54%         4
 Metabolic Englaciation   Hex/Ice        9%         N/A       87%         5


Dungeon Overview and Level Annotations

Branches:
Dungeon (11/15)            Temple (1/1) D:4            Lair (0/5) D:11
    Orc (0/2) D:10        Ossuary (visited)

Altars:
Ashenzari
Cheibriados
Dithmenos
Elyvilon
Fedhas
Gozag
Hepliaklqana
Kikubaaqudgha
Makhleb
Nemelex Xobeh
Okawaru
Qazlal
Ru
Sif Muna
Trog
Uskayaw
Vehumet
Wu Jian
Xom
Yredelemnul
Zin
The Shining One

Shops:
D:4 *   D:9 ([(   D:10 (


Innate Abilities, Weirdness & Mutations

You are a hulking beast.
Your limbs bulge with bestial killing power. (Slay +4)
You have very sharp teeth.
Your uncanny sense of smell can sniff out nearby items.
Your experience applies equally to all skills.


Message History

The hell rat barely misses you.
The death yak bellows!
You hit the hell rat.
The hell rat is moderately wounded.
The hell rat closely misses you.
You hit the hell rat.
The hell rat is heavily wounded.
The hell rat bites you.
You feel drained.
You barely miss the hell rat. Your punch misses the hell rat.
The hell rat is heavily wounded.
The hell rat bites you!
You feel drained.
You hit the hell rat.
The hell rat is heavily wounded.
The hell rat misses you.
You closely miss the hell rat.
The hell rat is heavily wounded.
The death yak gores you! The hell rat bites you!
* * * LOW HITPOINT WARNING * * *
You feel drained.
* * * LOW HITPOINT WARNING * * *
Unknown command.
As you read the scroll of teleportation, it crumbles to dust.
You feel strangely unstable.
You are no longer corroded.
The hell rat barely misses you.
The death yak gores you but does no damage.
You sock the hell rat!
You kill the hell rat!
The death yak barely misses you.
You can now pass through a line of other dancers.
You sock the hell rat! Your punch misses the hell rat.
The hell rat is severely wounded.
The hell rat barely misses you. The death yak gores you!
* * * LOW HITPOINT WARNING * * *
The hell rat bites you but does no damage.
Unknown command.
You sock the hell rat!
You kill the hell rat!
The death yak gores you!!
You die...

.................# #..
###.####......#### #..
#.........# #.. #.........##
#.. #..........# #.#
#.......†..# #..
###D###....# ### #r# #†...#
# #h# ####.# ### #Y# #.# #..
#Y# #.#######.# #.#
#.........# #.# #########.#
#.# ### #.# ########
##############.######......#
#.....#.............#.####.#


You could see 2 death yaks, an acid dragon and a hell rat.

Vanquished Creatures
  Harold (D:9)
  Erolcha (D:9)
  A death yak (D:11)
  2 two-headed ogres
  Pikel (D:9)
  A kobold demonologist (D:9)
  Jeremiah (D:8)
  A komodo dragon (D:7)
  A troll (D:10)
  A hornet (D:9)
  Sigmund (D:5)
  12 yaks
  2 wyverns
  A wraith (D:10)
  A steam dragon (D:7)
  Menkaure (D:5)
  Duvessa (D:5)
  A black bear (D:5)
  3 sky beasts
  An orc warrior (D:9)
  3 ogres
  4 centaurs
  A phantom (D:6)
  2 lemures (D:9)
  A kobold brigand (D:8)
  A bullfrog (D:8)
  A water moccasin zombie (Ossuary)
  3 scorpions
  A gnoll sergeant (D:10)
  Dowan (D:5)
  5 killer bees (D:9)
  2 hounds
  3 jellies
  Crazy Yiuf (D:5)
  4 orc priests
  A gnoll bouda (D:5)
  2 orc wizards
  2 sleepcaps (D:5)
  Ijyb (D:4)
  5 iguanas
  2 hell rats (D:11)
  2 mummies (Ossuary)
  14 gnolls
  8 adders
  2 shadow imps
  2 white imps
  2 ufetubi (D:7)
  4 adder zombies (Ossuary)
  3 worms
  A dart slug (D:1)
  19 orcs
  9 endoplasms
  5 gnoll zombies (Ossuary)
  16 goblins
  7 hobgoblins
  15 kobolds
  9 quokkas
  8 ball pythons
  5 bats
  3 frilled lizards
  5 hobgoblin zombies (Ossuary)
  7 kobold zombies (Ossuary)
  8 orc zombies (Ossuary)
  7 rats
  A spectral kobold (D:4)
243 creatures vanquished.

Vanquished Creatures (others)
  A ghoul (D:1)
  2 minotaurs (D:1)
  An elf (D:1)
  2 trolls (D:1)
  A vampire (D:1)
  A naga (D:1)
  A demigod (D:1)
  A dwarf (D:1)
  A tengu (D:1)
  A felid (D:1)
  An orc (D:7)
  6 tentacles (D:1)
19 creatures vanquished.

Grand Total: 262 creatures vanquished

Notes
Turn   | Place    | Note
-------+----------+-------------------------------------------
     0 | D:1      | Malachi the Gnoll Shapeshifter began the quest for the Orb.
     0 | D:1      | Reached XP level 1. HP: 17/17 MP: 1/1
     0 | D:1      | Noticed an elf
     0 | D:1      | Noticed a dwarf
     0 | D:1      | Noticed a minotaur
     0 | D:1      | Noticed a ghoul
     0 | D:1      | Noticed a troll
     0 | D:1      | Noticed a demigod
     0 | D:1      | Noticed a kraken
     0 | D:1      | Noticed a vampire
     0 | D:1      | Noticed a tengu
     0 | D:1      | Noticed a naga
     0 | D:1      | Noticed a troll
     0 | D:1      | Noticed a felid
     0 | D:1      | Noticed a minotaur
     3 | D:1      | Killed a demigod
     4 | D:1      | Killed a tengu
     4 | D:1      | Killed a dwarf
     5 | D:1      | Killed a vampire
     8 | D:1      | Killed an elf
     8 | D:1      | Killed a felid
     8 | D:1      | Killed a minotaur
     9 | D:1      | Killed a troll
    10 | D:1      | Killed a troll
    10 | D:1      | Killed a minotaur
    10 | D:1      | Killed a naga
    14 | D:1      | Killed a ghoul
    87 | D:1      | Reached XP level 2. HP: 18/23 MP: 2/2
   420 | D:1      | Reached XP level 3. HP: 28/28 MP: 3/3
   502 | D:1      | You fall into a shaft and drop 1 floor!
   585 | D:2      | Reached skill level 1 in Invocations
   885 | D:2      | Reached skill level 1 in Short Blades
   885 | D:2      | Reached skill level 1 in Long Blades
   885 | D:2      | Reached skill level 1 in Axes
   885 | D:2      | Reached skill level 1 in Maces & Flails
   885 | D:2      | Reached skill level 1 in Polearms
   885 | D:2      | Reached skill level 1 in Staves
   885 | D:2      | Reached skill level 1 in Ranged Weapons
   885 | D:2      | Reached skill level 1 in Throwing
   885 | D:2      | Reached skill level 1 in Armour
   885 | D:2      | Reached skill level 1 in Stealth
   885 | D:2      | Reached skill level 1 in Shields
   885 | D:2      | Reached skill level 1 in Spellcasting
   885 | D:2      | Reached skill level 1 in Evocations
   979 | D:2      | Reached XP level 4. HP: 34/34 MP: 5/5
  2074 | D:3      | Reached skill level 1 in Conjurations
  2074 | D:3      | Reached skill level 1 in Hexes
  2074 | D:3      | Reached skill level 1 in Summonings
  2074 | D:3      | Reached skill level 1 in Necromancy
  2074 | D:3      | Reached skill level 1 in Translocations
  2074 | D:3      | Reached skill level 1 in Transmutations
  2074 | D:3      | Reached skill level 1 in Fire Magic
  2074 | D:3      | Reached skill level 1 in Ice Magic
  2074 | D:3      | Reached skill level 1 in Air Magic
  2074 | D:3      | Reached skill level 1 in Earth Magic
  2074 | D:3      | Reached skill level 1 in Poison Magic
  2308 | D:2      | Reached XP level 5. HP: 15/40 MP: 5/7
  3837 | D:4      | Reached XP level 6. HP: 29/47 MP: 8/8
  3919 | D:4      | Found Roinef's Overcharged Wands.
  4017 | D:4      | Noticed Ijyb
  4027 | D:4      | Killed Ijyb
  4028 | D:4      | Reached skill level 5 in Dodging
  4281 | D:4      | Found a hazy altar of Hepliaklqana.
  4441 | D:4      | Found a staircase to the Ecumenical Temple.
  4643 | Temple   | Entered the Ecumenical Temple
  4659 | Temple   | Became a worshipper of Uskayaw the Reveller
  4695 | D:5      | Entered Level 5 of the Dungeon
  4701 | D:5      | Found a sand-covered staircase.
  4706 | Ossuary  | Entered an ossuary
  4718 | Ossuary  | Reached * piety under Uskayaw
  4722 | Ossuary  | Reached ** piety under Uskayaw
  4765 | Ossuary  | Reached *** piety under Uskayaw
  4960 | D:5      | Reached skill level 7 in Unarmed Combat
  4960 | D:5      | Reached XP level 7. HP: 52/52 MP: 10/10
  5002 | D:5      | Reached **** piety under Uskayaw
  5047 | D:5      | Noticed Menkaure
  5054 | D:5      | Killed Menkaure
  5170 | D:5      | Reached XP level 8. HP: 36/60 MP: 12/12
  5317 | D:5      | Found a runed translucent door.
  5318 | D:5      | Noticed Crazy Yiuf
  5361 | D:5      | Noticed Duvessa
  5362 | D:5      | Noticed Dowan
  5369 | D:5      | Killed Duvessa
  5377 | D:5      | Killed Dowan
  5407 | D:5      | Noticed Sigmund
  5409 | D:5      | Killed Sigmund
  5506 | D:5      | Killed Crazy Yiuf
  6134 | D:6      | Reached XP level 9. HP: 59/66 MP: 14/14
  6553 | D:7      | Noticed a komodo dragon
  6557 | D:7      | Killed a komodo dragon
  6572 | D:7      | Reached skill level 5 in Fighting
  6970 | D:7      | Identified the +0 trident "Jauskusu" {heavy, Str+2}
  7170 | D:7      | Reached skill level 8 in Unarmed Combat
  7369 | D:7      | Reached skill level 5 in Invocations
  7579 | D:8      | HP: 1/68 [killer bee (5)]
  8292 | D:8      | Noticed Jeremiah
  8296 | D:8      | Killed Jeremiah
  8388 | D:9      | Found Letyetomn's Antique Armour Boutique.
  8393 | D:9      | Bought a smoking scale mail for 225 gold pieces
  8393 | D:9      | Identified the +1 scale mail "Mulaujoc" {rC+} (You bought
                  | it in a shop on level 9 of the Dungeon)
  8469 | D:9      | Found Yclomafism's Antique Weapon Shoppe.
  8508 | D:9      | Reached XP level 10. HP: 58/75 MP: 17/17
  8660 | D:9      | Noticed a two-headed ogre
  8667 | D:9      | Killed a two-headed ogre
  8668 | D:9      | Reached skill level 5 in Short Blades
  8668 | D:9      | Reached skill level 5 in Long Blades
  8668 | D:9      | Reached skill level 5 in Axes
  8668 | D:9      | Reached skill level 5 in Maces & Flails
  8668 | D:9      | Reached skill level 5 in Polearms
  8668 | D:9      | Reached skill level 5 in Staves
  8668 | D:9      | Reached skill level 5 in Ranged Weapons
  8668 | D:9      | Reached skill level 5 in Throwing
  8668 | D:9      | Reached skill level 5 in Armour
  8668 | D:9      | Reached skill level 5 in Stealth
  8668 | D:9      | Reached skill level 5 in Shields
  8668 | D:9      | Reached skill level 5 in Spellcasting
  8668 | D:9      | Reached skill level 5 in Evocations
  8694 | D:9      | Noticed a kobold demonologist
  8695 | D:9      | Noticed a smoke demon
  8705 | D:9      | Noticed an orange demon
  8706 | D:9      | Killed a kobold demonologist
  8782 | D:9      | Identified the ring of Suchujul {rF+ MP+9}
  8974 | D:9      | Reached ***** piety under Uskayaw
  9117 | D:9      | Noticed Harold
  9405 | D:9      | Noticed Pikel
  9410 | D:9      | Killed Pikel
  9444 | D:9      | Killed Harold
  9445 | D:9      | Reached XP level 11. HP: 83/83 MP: 19/19
  9472 | D:9      | Found Raduim's Weapon Shoppe.
  9502 | D:9      | Noticed Erolcha
  9512 | D:9      | Killed Erolcha
  9513 | D:9      | Reached skill level 9 in Unarmed Combat
  9513 | D:9      | Reached skill level 5 in Conjurations
  9513 | D:9      | Reached skill level 5 in Hexes
  9513 | D:9      | Reached skill level 5 in Summonings
  9513 | D:9      | Reached skill level 5 in Necromancy
  9513 | D:9      | Reached skill level 5 in Translocations
  9513 | D:9      | Reached skill level 5 in Transmutations
  9513 | D:9      | Reached skill level 5 in Fire Magic
  9513 | D:9      | Reached skill level 5 in Ice Magic
  9513 | D:9      | Reached skill level 5 in Air Magic
  9513 | D:9      | Reached skill level 5 in Earth Magic
  9513 | D:9      | Reached skill level 5 in Poison Magic
  9681 | D:10     | Entered Level 10 of the Dungeon
  9734 | D:10     | Found Geguq's Weapon Boutique.
  9734 | D:10     | Noticed a +0 demon blade
  9767 | D:10     | Noticed a +0 triple sword
  9771 | D:10     | Noticed a two-headed ogre
  9784 | D:10     | HP: 1/83 [two-headed ogre/+0 giant spiked club (10)]
  9787 | D:10     | Killed a two-headed ogre
  9904 | D:10     | Found a staircase to the Orcish Mines.
 10403 | D:11     | Noticed a death yak
 10403 | D:11     | Noticed a death yak
 10405 | D:11     | Noticed a death yak
 10423 | D:11     | Killed a death yak
 10433 | D:11     | Found a staircase to the Lair.
 10533 | D:11     | Mangled by a death yak

Illustrated notes

Levels and vault maps discovered:
D:1:      nicolae_arrival_kraken_aquarium_a, layout_loops_corners
D:2:      layout_basic
D:3:      layout_basic
D:4:      wad_pebble_path, layout_loops_ring,
          nicolae_hepliaklqana_monster_ancestors, minmay_temple_entry_overgrown,
          nicolae_shop_overcharged_wands, uniq_ijyb
D:5:      layout_gridville, nicolae_ossuary_entry_false_entrances, uniq_sigmund,
          uniq_crazy_yiuf_cottage, uniq_duvessa, uniq_menkaure
D:6:      layout_basic
D:7:      layout_cave_pods
D:8:      layout_gridville, uniq_jeremiah
D:9:      layout_roguey, serial_shops, nicolae_shop_tiny_real_fake_doors, shop,
          shop, eino_small_chamber_without_monster, uniq_pikel, uniq_harold,
          uniq_erolcha
D:10:     layout_rooms, orc_0_dummy, serial_shops, nicolae_shop_mannequins
D:11:     layout_basic, dpeg_lair_monsters
Temple:   roderic_octagonal_lattice_temple

Skill      XL: |  1  2  3  4  5  6  7  8  9 10 11 |
---------------+----------------------------------+-----
Invocations    | 1 2 3 4 5 6 7 |  7.1
Short Blades   | 1 2 3 4 5 6 |  6.5
Long Blades    | 1 2 3 4 5 6 |  6.5
Axes           | 1 2 3 4 5 6 |  6.5
Maces & Flails | 1 2 3 4 5 6 |  6.5
Polearms       | 1 2 3 4 5 6 |  6.5
Staves         | 1 2 3 4 5 6 |  6.5
Ranged Weapons | 1 2 3 4 5 6 |  6.5
Throwing       | 1 2 3 4 5 6 |  6.5
Armour         | 1 2 3 4 5 6 |  6.5
Stealth        | 1 2 3 4 5 6 |  6.5
Shields        | 1 2 3 4 5 6 |  6.5
Spellcasting   | 1 2 3 4 5 6 |  6.5
Evocations     | 1 2 3 4 5 6 |  6.5
Conjurations   | 1 2 3 4 5 |  5.4
Hexes          | 1 2 3 4 5 |  5.4
Summonings     | 1 2 3 4 5 |  5.4
Necromancy     | 1 2 3 4 5 |  5.4
Translocations | 1 2 3 4 5 |  5.4
Transmutations | 1 2 3 4 5 |  5.4
Fire Magic     | 1 2 3 4 5 |  5.4
Ice Magic      | 1 2 3 4 5 |  5.4
Air Magic      | 1 2 3 4 5 |  5.4
Earth Magic    | 1 2 3 4 5 |  5.4
Poison Magic   | 1 2 3 4 5 |  5.4
Fighting       | 3 4 5 6 7 |  7.1
Dodging        | 5 6 7 8 |  8.0
Unarmed Combat | 7 8 9 |  9.3
Shapeshifting  | 7 8 |  8.9

Action                     |  1- 3 |  4- 6 |  7- 9 | 10-12 || total
---------------------------+-------+-------+-------+-------++-------
  Melee: Unarmed           |    83 |    41 |       |       ||   124
         Punch             |     2 |     6 |    10 |    10 ||    28
         Bite              |     7 |    19 |    19 |    26 ||    71
         Whip              |       |    84 |       |       ||    84
         Club              |       |    83 |   165 |   180 ||   428
 Invoke: Stomp             |       |     1 |       |     8 ||     9
  Evoke: Wand              |       |     3 |    16 |    10 ||    29
    Use: Scroll            |       |     9 |    13 |     7 ||    29
         Potion            |       |       |     2 |     1 ||     3
   Stab: Sleeping          |     1 |     1 |       |       ||     2
         Paralysed         |       |     1 |     5 |    18 ||    24
 Armour: Animal skin       |    33 |       |       |       ||    33
         Leather armour    |     3 |       |       |       ||     3
         Ring mail         |       |    53 |       |       ||    53
         Chain mail        |       |    71 |   181 |       ||   252
         Scale mail        |       |       |    14 |   175 ||   189
  Dodge: Dodged            |    42 |    78 |    96 |   135 ||   351

Table legend: (Time is in decaauts)
 A = Elapsed time spent in this place.
 B = Non-inter-level travel time spent in this place.
 C = Inter-level travel time spent in this place.
 D = Time resting spent in this place.
 E = Time spent auto-exploring this place.
 F = Levels seen in this place.
 G = Mean time per level.
                   A        B        C        D        E       F      G
               +--------+--------+--------+--------+--------+-----+--------+
         Total |  10567 |   9735 |    832 |   1190 |   6413 |  13 |  812.8 |
       Dungeon |  10285 |   9468 |    817 |   1129 |   6360 |  11 |  935.0 |
        Temple |     32 |     17 |     15 |      0 |      0 |   1 |   32.0 |
       Ossuary |    249 |    249 |      0 |     61 |     53 |   1 |  249.0 |
               +--------+--------+--------+--------+--------+-----+--------+

Top non-repeatable levels by time:
     D:9: 1297 daAuts
     D:2: 1285 daAuts
     D:1: 1253 daAuts
     D:3: 1202 daAuts
     D:4: 1011 daAuts
     D:7: 956 daAuts
     D:8: 887 daAuts
     D:6: 848 daAuts
     D:5: 684 daAuts
    D:10: 633 daAuts
 Ossuary: 249 daAuts
    D:11: 224 daAuts
  Temple: 32 daAuts
